 Dungeon Crawl Stone Soup version 0.30.1-11-g7821555f0a (webtiles) character file.

Game seed: 18033006949542482740

46 KittyFluff the Cudgeller (level 3, -3/23 HPs)
             Began as a Gargoyle Berserker on Nov 8, 2023.
             Was a Believer of Trog.
             Slain by an orc
             ... wielding a +0 flail
              (4 damage)
             ... on level 2 of the Dungeon.
             The game lasted 00:04:34 (1305 turns).

KittyFluff the Cudgeller (Gargoyle Berserker)       Turns: 1305, Time: 00:04:35

Health: -3/23      AC:  6    Str: 22    XL:     3   Next: 66%
Magic:  3/3        EV: 12    Int:  7    God:    Trog [**....]
Gold:   31         SH:  0    Dex: 15    Spells: 2/2 levels left

rFire   . . .        a - +0 mace
rCold   . . .        (no shield)
rNeg    + . .        c - +0 leather armour
rPois   ∞            (no helmet)
rElec   +            (no cloak)
rCorr   .            (no gloves)
SInv    .            (no boots)
Will    .....        (no amulet)
Stlth   ++           j - +6 ring of dexterity
HPRegen 0.23/turn    (no ring)
MPRegen 0.08/turn

%: no passive effects
@: no status effects
A: sickness immunity, AC +3, negative energy resistance 1, electricity
resistance, torment resistance 1, petrification resistance
a: Renounce Religion, Berserk, Trog's Hand


You were on level 2 of the Dungeon.
You worshipped Trog.
Trog was pleased with you.
You visited 1 branch of the dungeon, and saw 3 of its levels.

You collected 31 gold pieces.

Inventory:

Hand Weapons
 a - a +0 mace (weapon)
Missiles
 e - 4 curare-tipped darts (quivered)
 m - 2 poisoned darts
Armour
 c - a +0 leather armour (worn)
Jewellery
 j - a +6 ring of dexterity (left hand)
Scrolls
 b - 2 scrolls of fog {unknown}
 d - a scroll of immolation {unknown}
 h - a scroll of noise {unknown}
 i - a scroll of enchant weapon {unknown}
 k - 3 scrolls of teleportation {unknown}
 n - a scroll of enchant armour {unknown}
Potions
 f - a potion of lignification {unknown}
 g - a potion of mutation {unknown}
 l - a potion of degeneration {unknown}


   Skills:
 + Level 3.5 Fighting
 * Level 3.5 Maces & Flails
 * Level 3.0 Armour
 + Level 1.8 Dodging
 + Level 1.1 Stealth


You had 2 spell levels left.
You didn't know any spells.
Your spell library was empty.

Dungeon Overview and Level Annotations

Branches:
Dungeon (3/15)

Altars:
Zin

Shops:
D:2 [


Innate Abilities, Weirdness & Mutations

You are immune to sickness and miasma.
Your stone body is resilient. (AC +3)
You are immune to poison.
You resist negative energy. (rN+)
You are resistant to electric shocks. (rElec)
You are resistant to unholy torment.
You are immune to petrification.


Message History

n - a scroll labelled RETSEL PEIMATSE
There is an escape hatch in the floor here.
There is a stone staircase leading down here.
You climb downwards.
There is a stone staircase leading up here.
The helpless orc fails to defend itself.
You hit the orc.
The orc is moderately wounded.
The gnoll shouts!
The orc shouts!
The orc hits you with a +0 trident of freezing!
The orc freezes you.
The gnoll shouts!
There are no items here.
The orc closely misses you. The orc barely misses you.
You climb upwards.
There is a stone staircase leading down here.
You barely miss the orc.
The orc is moderately wounded.
The orc hits you with a +0 flail. The orc completely misses you.
You hit the orc.
The orc is severely wounded.
The orc closely misses you. The orc hits you but does no damage.
You closely miss the orc.
The orc is severely wounded.
The orc hits you with a +0 flail. The orc hits you but does no damage.
You sock the orc!
You kill the orc!
Trog accepts your kill. The orc barely misses you. The orc misses you.
You hit the orc.
The orc is lightly wounded.
The orc hits you with a +0 flail!
* * * LOW HITPOINT WARNING * * *
You closely miss the orc.
The orc is lightly wounded.
The orc hits you but does no damage.
You hit the orc.
The orc is moderately wounded.
The orc hits you with a +0 flail.
You die...

#....# #.......#
##..####
#.##.###.......#
#..##
......##...(...#
###.##
.#'#.....####..#
###)..#
##'##..#.#
#..####...###
##'###.#.#
#...##..### +∩+
+.#.# #.#.##.##
##+###...#
#.#)#o.# ##
##....# #...@.##
.#+#...#.#
#######
......##.#
#..#####.#
#........#
##########


You could see an orc.

Vanquished Creatures
  An adder (D:2)
  A worm (D:2)
  A dart slug (D:2)
  An orc (D:2)
  3 endoplasms (D:1)
  2 giant cockroaches
  4 goblins
  3 hobgoblins
  2 kobolds (D:1)
  4 ball pythons
  A bat (D:2)
  2 frilled lizards (D:1)
  5 rats
30 creatures vanquished.

Notes
Turn   | Place    | Note
-------+----------+-------------------------------------------
     0 | D:1      | KittyFluff the Gargoyle Berserker began the quest for the
                  | Orb.
     0 | D:1      | Reached XP level 1. HP: 14/14 MP: 1/1
   346 | D:1      | Reached XP level 2. HP: 16/19 MP: 2/2
   751 | D:2      | Found a glowing silver altar of Zin.
   782 | D:2      | Reached skill level 1 in Stealth
   782 | D:2      | Reached XP level 3. HP: 23/23 MP: 3/3
  1076 | D:2      | Reached ** piety under Trog
  1215 | D:2      | Found Jiphoq's Armour Boutique.
  1303 | D:2      | HP: 1/23 [orc/+0 flail (8)]
  1305 | D:2      | Slain by an orc

Illustrated notes

Levels and vault maps discovered:
D:1:      minmay_arrival_semitransparent, layout_loops_ring
D:2:      layout_basic, basic_altar, serial_shops, nicolae_shop_real_fake_doors
D:3:      layout_basic, gammafunk_temple_overflow_elements,
          shapermc_ecumenical_altar_petra, serial_aquarium,
          aquarium_bridge_square [aquarium_subvault_bridge,
          aquarium_subvault_wall, aquarium_subvault_bridge,
          aquarium_subvault_bridge], aquarium_window_1, aquarium_window_1,
          aquarium_window_fake, aquarium_window_1, aquarium_view_2c,
          aquarium_balcony_5b, grunt_ministairs_2, minmay_misc_feat_tiny,
          minmay_bisected

Skill      XL: |  1  2  3 |
---------------+----------+-----
Stealth        | 1 |  1.1
Armour         | 3 |  3.0
Fighting       | |  3.5
Maces & Flails | |  3.5
Dodging        | |  1.8

Action                     || total
---------------------------++-------
  Melee: Mace              ||    89
   Stab: Sleeping          ||     3
 Armour: Leather armour    ||    33
  Dodge: Dodged            ||    59
